 Dungeon Crawl Stone Soup version 0.22-a0-157-g169b76a (webtiles) character file.

17 KristoblXynda the Ducker (level 2, 0/16 HPs)
             Began as a Spriggan Berserker on Feb 8, 2018.
             Was a Follower of Trog.
             Slain by a rat (3 damage)
             ... on level 1 of the Dungeon.
             The game lasted 00:01:01 (231 turns).

KristoblXynda the Ducker (Spriggan Berserker)        Turns: 231, Time: 00:01:02

Health: 0/16       AC:  2    Str: 13    XL:     2   Next: 44%
Magic:  3/3        EV: 20    Int:  8    God:    Trog [*.....]
Gold:   0          SH:  0    Dex: 15    Spells: 1/1 levels left

rFire    . . .     SeeInvis +   a - +0 short sword
rCold    . . .     Gourm    .   (shield restricted)
rNeg     . . .     Faith    .   b - +0 animal skin
rPois    .         Spirit   .   (helmet restricted)
rElec    .         Reflect  .   (no cloak)
rCorr    .         Harm     .   (gloves unavailable)
MR       .....                  (boots unavailable)
Stlth    ++........             (no amulet)
HPRegen  0.05/turn              (no ring)
MPRegen  0.08/turn              (no ring)

@: very quick
A: very small, unfitting armour, see invisible, herbivore, speed 3, slow
metabolism 2
a: Berserk, Burn Spellbooks, Renounce Religion


You were on level 1 of the Dungeon.
You worshipped Trog.
Trog was aware of your devotion.
You were not hungry.

You visited 1 branch of the dungeon, and saw 1 of its levels.

Inventory:

Hand Weapons
 a - a +0 short sword (weapon)
Armour
 b - a +0 animal skin (worn)
Scrolls
 e - a scroll of teleportation {unknown}
 f - a scroll of remove curse {unknown}
Potions
 d - 2 potions of curing {unknown}
 g - a potion of degeneration {unknown}
Comestibles
 c - a ration


   Skills:
 - Level 2.4 Fighting
 + Level 3.6 Short Blades
 + Level 4.9 Dodging
 + Level 1.8 Stealth


You had one spell level left.
You didn't know any spells.

Dungeon Overview and Level Annotations

Branches:
Dungeon (1/15)

Altars:


Innate Abilities, Weirdness & Mutations

You are very small and have problems with some larger weapons.
You are too small for most types of armour.
You have supernaturally acute eyesight. (SInv)
You are a herbivore.
You cover ground extremely quickly.
You need consume almost no food.


Message History

You closely miss the rat. You barely miss the rat. The rat closely misses you.
You barely miss the rat. The rat closely misses you.
You hit the rat.
The rat is severely wounded.
The rat closely misses you.
You closely miss the rat.
The rat is severely wounded.
The rat closely misses you.
You closely miss the rat.
The rat is severely wounded.
The rat bites you.
* * * LOW HITPOINT WARNING * * *
You hit the rat but do no damage.
The rat is severely wounded.
The rat misses you.
You closely miss the rat.
The rat is severely wounded.
The rat bites you.
You die...

.≈...##.# ##>.# #....#
≈.....#.# #^.## #....#
≈≈≈..)..# #.## #....#
≈≈≈≈≈...# ##.# #....#
≈≈≈.....# #..# ##.###
≈.....#.# #.## #.#
.≈...##.# ##.# #.#
..≈..8#.# #..#######.####
#.....#.# #.#...@.#.....##
###.....###....r)........##
####...##................#
.....>....................#
#####.....†..........)....#
#....†................#
#..........(..........#
#######...............#
##.............##


You could see a rat.

Vanquished Creatures
  An ooze (D:1)
  A leopard gecko (D:1)
  A giant cockroach (D:1)
  A goblin (D:1)
  A hobgoblin (D:1)
  2 kobolds (D:1)
  2 bats (D:1)
  A frilled lizard (D:1)
  A rat (D:1)
11 creatures vanquished.

Notes
Turn   | Place    | Note
-------+----------+-------------------------------------------
     0 | D:1      | KristoblXynda the Spriggan Berserker began the quest for the Orb.
     0 | D:1      | Reached XP level 1. HP: 11/11 MP: 2/2
    38 | D:1      | Reached skill level 1 in Stealth
    63 | D:1      | Reached XP level 2. HP: 6/16 MP: 3/3
   231 | D:1      | Slain by a rat

Vault maps used:
D:1:      eino_arrival_water_star

Skill      XL: |  1 |
---------------+----+-----
Stealth        | 1 |  1.8
Fighting       | |  2.4
Short Blades   | |  3.6
Dodging        | |  4.9

Action                   || total
-------------------------++-------
Melee: Short sword       ||    30
 Stab: Sleeping          ||     1
Armor: Animal skin       ||     1
Dodge: Dodged            ||    24

Table legend:
 A = Spawn XP
 B = Non-spawn XP
 C = Spawn XP percentage of total XP
 D = Spawn monster count
 E = Non-spawn monster count
 F = Spawn count percentage of total count
 G = Total turns spent on level
                    A         B        C        D         E        F      G
               +---------+---------+-------+---------+---------+-------+---------
         Total |       0 |      25 |   0.0 |       0 |      11 |   0.0 |   231
               +---------+---------+-------+---------+---------+-------+---------
           D:1 |       0 |      25 |   0.0 |       0 |      11 |   0.0 |   231
               +---------+---------+-------+---------+---------+-------+---------
